 Dungeon Crawl Stone Soup version 0.29-a0-243-g602b31c20e (webtiles) character file.

Game seed: 15804243025686604728

8149 Ajdolov the Basher (level 11, 0/85 (89) HPs)
             Began as a Gnoll Cinder Acolyte on Mar 5, 2022.
             Was an Elder of Ignis.
             Slain by a spectral orc knight
             ... wielding a +2 dire flail
             ... summoned by Nergalle
              (17 damage)
             ... on level 10 of the Dungeon.
             The game lasted 00:19:22 (13554 turns).

Ajdolov the Basher (Gnoll Cinder Acolyte)          Turns: 13554, Time: 00:19:23

HP:   0/85 (89)     AC: 12    Str: 14 (15) XL:     11   Next: 26%
MP:   21/21         EV: 16    Int: 16 (17) God:    Ignis [****..]
Gold: 303           SH:  5    Dex:  9 (11) Spells: 21/23 levels left

rFire   + . .      SeeInvis .   s - +4 mace "Tesiusch" {speed, rN+ Dex+4}
rCold   . . .      Faith    .   a - +0 buckler
rNeg    + . .      Spirit   .   N - +0 troll leather armour
rPois   .          Reflect  .   C - +2 helmet
rElec   .          Harm     .   e - +0 cloak
rCorr   .          Rampage  .   t - +0 pair of gloves
Will    .....                   b - +0 pair of boots
Stlth   +++.......              (no amulet)
HPRegen 1.04/turn               L - +4 ring of evasion
MPRegen 0.17/turn               (no ring)

@: rising, flying, lightly drained
A: fangs 1, strong nose, distributed training
a: Renounce Religion, Fiery Armour, Foxfire Swarm


You were on level 10 of the Dungeon.
You worshipped Ignis.
Ignis was greatly pleased with you.
You visited 1 branch of the dungeon, and saw 10 of its levels.

You collected 303 gold pieces.

Inventory:

Hand Weapons
 s - the +4 mace "Tesiusch" (weapon) {speed, rN+ Dex+4}
   (You found it on level 3 of the Dungeon)

   Attacks with this weapon are significantly faster.
   Dex:       It affects your dexterity (+4).
   rN:        It protects you from negative energy.
 H - a +2 broad axe of flaming
Armour
 a - a +0 buckler (worn)
 b - a +0 pair of boots (worn)
 e - a +0 cloak (worn)
 t - a +0 pair of gloves (worn)
 C - a +2 helmet (worn)
 I - a +2 kite shield
 K - a +2 tower shield
 N - a +0 troll leather armour (worn)
Jewellery
 L - a +4 ring of evasion (left hand)
Wands
 y - a wand of digging (8)
 D - a wand of iceblast (8)
 G - a wand of flame (15)
Scrolls
 c - 5 scrolls of teleportation {unknown}
 f - 2 scrolls of acquirement {unknown}
 g - 3 scrolls of identify {unknown}
 i - 2 scrolls of silence {unknown}
 k - a scroll of blinking {unknown}
 l - 2 scrolls of torment {unknown}
 n - a scroll of brand weapon {unknown}
 o - 2 scrolls of fear {unknown}
 p - 2 scrolls of enchant armour {unknown}
 r - a scroll of fog {unknown}
 u - a scroll of vulnerability {unknown}
 w - 4 scrolls of immolation {unknown}
 z - 3 scrolls of noise {unknown}
 E - a scroll of amnesia {unknown}
 J - a scroll of summoning {unknown}
 M - a scroll of magic mapping {unknown}
Potions
 d - a potion of heal wounds {unknown}
 h - 3 potions of degeneration
 j - a potion of attraction {unknown}
 m - a potion of cancellation {unknown}
 q - 8 potions of curing {unknown}
 v - a potion of ambrosia {unknown}
 x - 2 potions of resistance
 A - a potion of might {unknown}
 B - a potion of brilliance
 F - a potion of lignification {unknown}


   Skills:
 + Level 9.1 Fighting
 + Level 6.1 Short Blades
 + Level 6.1 Long Blades
 + Level 6.1 Axes
 + Level 9.1 Maces & Flails
 + Level 6.1 Polearms
 + Level 6.1 Staves
 + Level 6.1 Slings
 + Level 6.1 Bows
 + Level 6.1 Crossbows
 + Level 6.1 Throwing
 + Level 6.1 Armour
 + Level 6.1 Dodging
 + Level 6.1 Stealth
 + Level 6.1 Shields
 + Level 6.1 Unarmed Combat
 + Level 6.8 Spellcasting
 + Level 5.0 Conjurations
 + Level 5.0 Hexes
 + Level 5.0 Summonings
 + Level 5.0 Necromancy
 + Level 5.0 Translocations
 + Level 5.0 Transmutations
 + Level 7.5 Fire Magic
 + Level 5.0 Ice Magic
 + Level 5.0 Air Magic
 + Level 5.0 Earth Magic
 + Level 5.0 Poison Magic
 + Level 6.7 Invocations
 + Level 6.1 Evocations


You had 21 spell levels left.
You knew the following spells:

 Your Spells              Type           Power      Damage    Failure   Level
a - Scorch                Fire           58%        2d7       1%          2

Your spell library contained the following spells:

 Spells                   Type           Power      Damage    Failure   Level
 Magic Dart               Conj           84%        1d7       2%          1
 Shock                    Conj/Air       84%        1d8       2%          1
 Blink                    Tloc           42%        N/A       3%          2
 Corpse Rot               Necr/Air       42%        N/A       3%          2
 Searing Ray              Conj           42%        2d6       3%          2
 Dazzling Flash           Conj/Hex       42%        N/A       8%          3
 Gell's Gravitas          Tloc           21%        N/A       8%          3
 Lesser Beckoning         Tloc           21%        N/A       8%          3
 Swiftness                Air            21%        N/A       8%          3
 Teleport Other           Tloc           21%        N/A       8%          3
 Airstrike                Air            10%        N/A       24%         4
 Dispel Undead            Necr           21%        3d11      24%         4
 Fulminant Prism          Conj/Hex       10%        3d9       24%         4
 Iskenderun's Mystic Bla  Conj/Tloc      21%        2d6       24%         4
 Manifold Assault         Tloc           21%        N/A       56%         5
 Starburst                Conj/Fire      12%        6d5       92%         6
 Death Channel            Necr           10%        N/A       98%         6
 Dispersal                Tloc           10%        N/A       98%         6


Dungeon Overview and Level Annotations

Branches:
Dungeon (10/15)            Temple (0/1) D:4            Lair (0/6) D:10
    Orc (0/2) D:9

Altars:
Fedhas
Beogh

Shops:
D:3 [

Annotations:
D:10 Nergalle


Innate Abilities, Weirdness & Mutations

You have very sharp teeth.
Your uncanny sense of smell can sniff out nearby items.
Your experience applies equally to all skills.


Message History

Orcish apparitions take form around you.
The spectral orc warrior hits you with a +0 dire flail!
You partially resist.
You feel drained.
You hit the spectral orc warrior.
The spectral orc warrior is lightly damaged.
The wyvern closely misses you. The spectral orc warrior misses you.
Unknown command.
You hit the spectral orc warrior. You bite the spectral orc warrior.
The spectral orc warrior is heavily damaged.
The wyvern bites you!
The spectral orc knight hits you with a +2 dire flail!
You partially resist.
You feel drained.
You sock the spectral orc warrior!
The spectral orc warrior is almost destroyed.
You block the wyvern's attack. The spectral orc warrior misses you.
The spectral orc knight closely misses you.
You completely miss the spectral orc warrior.
The spectral orc warrior is almost destroyed.
The wyvern closely misses you.
Unknown command.
You hit the spectral orc warrior.
The spectral orc warrior is almost destroyed.
The spectral orc warrior closely misses you.
The wyvern closely misses you.
The spectral orc knight hits you with a +2 dire flail!
* * * LOW HITPOINT WARNING * * *
Okay, then.
Okay, then.
You begin to rise into the air.
The wyvern barely misses you.
The spectral orc warrior completely misses you.
The spectral orc knight misses you. The wyvern bites you.
* * * LOW HITPOINT WARNING * * *
Unknown command.
It was a potion of degeneration.
There was something very wrong with that liquid.
You feel weakened.
You feel dopey.
You feel clumsy.
The spectral orc warrior completely misses you.
You block the wyvern's attack.
The spectral orc knight hits you with a +2 dire flail!
You die...

#...##...#####........####..∆
#...###.## ###..##.## ##..#
#.######.......##### #..#
#.................... #..#
########..)#########. ##.<##
########Z#
##....####.....ZZo#
...........######l#
#...........).ZZ@Z#
#......###.######## #.....##
#.# #.....# #.# #.....# #.#
#..##.# #.# #.. #.# #.#


You could see Nergalle, 2 spectral orc warriors, 2 spectral orc knights and a
wyvern.

Vanquished Creatures
  A two-headed ogre (D:8)
  Maggie (D:7)
  2 trolls (D:9)
  2 wyverns
  12 yaks
  2 steam dragons
  Edmund (D:6)
  2 water moccasins
  A sky beast (D:6)
  9 orc warriors
  A black bear (D:4)
  2 ice beasts
  3 ogres
  A wolf (D:9)
  A phantom (D:5)
  6 centaurs
  2 kobold brigands
  3 bullfrogs
  2 necrophages
  A gnoll sergeant (D:8)
  2 scorpions
  3 wights (D:10)
  8 killer bees
  A howler monkey (D:7)
  11 orc priests
  A hound (D:4)
  2 jellies (D:5)
  Crazy Yiuf (D:3)
  A gnoll shaman (D:5)
  3 iguanas
  6 orc wizards
  5 adders
  11 gnolls
  A shadow imp (D:6)
  A white imp (D:4)
  A worm (D:2)
  A dart slug (D:5)
  47 orcs
  6 endoplasms
  4 giant cockroaches
  11 goblins
  4 hobgoblins
  5 jackals
  3 quokkas
  6 ball pythons
  5 bats
  4 frilled lizards
  16 kobolds
  5 rats
230 creatures vanquished.

Vanquished Creatures (others)
  35 foxfires
35 creatures vanquished.

Grand Total: 265 creatures vanquished

Notes
Turn   | Place    | Note
-------+----------+-------------------------------------------
     0 | D:1      | Ajdolov the Gnoll Cinder Acolyte began the quest for the
                  | Orb.
     0 | D:1      | Reached XP level 1. HP: 23/23 MP: 4/4
   344 | D:1      | Reached XP level 2. HP: 26/29 MP: 5/5
   643 | D:1      | Found a faded altar of an unknown god.
  1001 | D:2      | Reached XP level 3. HP: 22/35 MP: 7/7
  1017 | D:2      | Reached skill level 1 in Invocations
  1842 | D:2      | Reached skill level 1 in Short Blades
  1842 | D:2      | Reached skill level 1 in Long Blades
  1842 | D:2      | Reached skill level 1 in Axes
  1842 | D:2      | Reached skill level 1 in Polearms
  1842 | D:2      | Reached skill level 1 in Staves
  1842 | D:2      | Reached skill level 1 in Slings
  1842 | D:2      | Reached skill level 1 in Bows
  1842 | D:2      | Reached skill level 1 in Crossbows
  1842 | D:2      | Reached skill level 1 in Throwing
  1842 | D:2      | Reached skill level 1 in Armour
  1842 | D:2      | Reached skill level 1 in Dodging
  1842 | D:2      | Reached skill level 1 in Stealth
  1842 | D:2      | Reached skill level 1 in Shields
  1842 | D:2      | Reached skill level 1 in Unarmed Combat
  1842 | D:2      | Reached skill level 1 in Evocations
  1858 | D:2      | Reached XP level 4. HP: 16/41 MP: 8/8
  2448 | D:3      | Found Zehuiheh's Antique Armour Emporium.
  3192 | D:3      | Found a runed translucent door.
  3193 | D:3      | Noticed Crazy Yiuf
  3210 | D:3      | Killed Crazy Yiuf
  3211 | D:3      | Reached skill level 1 in Conjurations
  3211 | D:3      | Reached skill level 1 in Hexes
  3211 | D:3      | Reached skill level 1 in Summonings
  3211 | D:3      | Reached skill level 1 in Necromancy
  3211 | D:3      | Reached skill level 1 in Translocations
  3211 | D:3      | Reached skill level 1 in Transmutations
  3211 | D:3      | Reached skill level 1 in Ice Magic
  3211 | D:3      | Reached skill level 1 in Air Magic
  3211 | D:3      | Reached skill level 1 in Earth Magic
  3211 | D:3      | Reached skill level 1 in Poison Magic
  3240 | D:3      | Identified the +4 mace "Tesiusch" {speed, rN+ Dex+4}
  3469 | D:4      | Reached XP level 5. HP: 17/47 MP: 9/9
  4027 | D:4      | Found a glowing drain.
  4309 | D:4      | Reached XP level 6. HP: 53/53 MP: 10/10
  4711 | D:4      | Found a blossoming altar of Fedhas.
  4747 | D:4      | Noticed a black bear
  4769 | D:4      | Killed a black bear
  4859 | D:4      | Reached XP level 7. HP: 43/59 MP: 12/12
  4943 | D:4      | Found a staircase to the Ecumenical Temple.
  5662 | D:5      | Entered Level 5 of the Dungeon
  5925 | D:5      | Reached XP level 8. HP: 58/67 MP: 14/14
  6233 | D:5      | Learned a level 2 spell: Scorch
  7504 | D:6      | Noticed Edmund
  7515 | D:6      | Killed Edmund
  7516 | D:6      | Reached XP level 9. HP: 58/72 MP: 6/16
  8048 | D:6      | Reached skill level 5 in Spellcasting
  8249 | D:7      | Noticed Maggie
  8712 | D:7      | Killed Maggie
  8988 | D:7      | Reached skill level 5 in Invocations
 10002 | D:8      | Reached XP level 10. HP: 78/80 MP: 18/18
 10254 | D:8      | Noticed a two-headed ogre
 10263 | D:8      | Killed a two-headed ogre
 10264 | D:8      | Reached skill level 5 in Short Blades
 10264 | D:8      | Reached skill level 5 in Long Blades
 10264 | D:8      | Reached skill level 5 in Axes
 10264 | D:8      | Reached skill level 5 in Polearms
 10264 | D:8      | Reached skill level 5 in Staves
 10264 | D:8      | Reached skill level 5 in Slings
 10264 | D:8      | Reached skill level 5 in Bows
 10264 | D:8      | Reached skill level 5 in Crossbows
 10264 | D:8      | Reached skill level 5 in Throwing
 10264 | D:8      | Reached skill level 5 in Armour
 10264 | D:8      | Reached skill level 5 in Dodging
 10264 | D:8      | Reached skill level 5 in Stealth
 10264 | D:8      | Reached skill level 5 in Shields
 10264 | D:8      | Reached skill level 5 in Unarmed Combat
 10264 | D:8      | Reached skill level 5 in Evocations
 11515 | D:9      | Found a staircase to the Orcish Mines.
 12931 | D:10     | Entered Level 10 of the Dungeon
 12931 | D:10     | Found a staircase to the Lair.
 13029 | D:9      | Reached XP level 11. HP: 61/87 MP: 20/20
 13279 | D:10     | Reached skill level 5 in Conjurations
 13279 | D:10     | Reached skill level 5 in Hexes
 13279 | D:10     | Reached skill level 5 in Summonings
 13279 | D:10     | Reached skill level 5 in Necromancy
 13279 | D:10     | Reached skill level 5 in Translocations
 13279 | D:10     | Reached skill level 5 in Transmutations
 13279 | D:10     | Reached skill level 5 in Ice Magic
 13279 | D:10     | Reached skill level 5 in Air Magic
 13279 | D:10     | Reached skill level 5 in Earth Magic
 13279 | D:10     | Reached skill level 5 in Poison Magic
 13524 | D:10     | Noticed Nergalle
 13554 | D:10     | Slain by a spectral orc knight

Illustrated notes

Levels and vault maps discovered:
D:1:      nicolae_arrival_somewhat_less_tricky_arrival, layout_rooms,
          dreamdust_ecumenical_altar_angels_and_demons
D:2:      layout_basic, st_stairs_5
D:3:      layout_basic, serial_shops, nicolae_shop_overgrown_old_shop,
          nicolae_elevator_lobby_plus, uniq_crazy_yiuf_cottage
D:4:      layout_gridville, mainiacjoe_overflow_24_doors,
          minmay_temple_entry_trees, portal_sewer_entry_a
D:5:      layout_basic
D:6:      layout_loops_ring, hellmonk_bongcloud_opening, uniq_edmund
D:7:      layout_cave_pods, chequers_serial_rivers_marsh,
          hangedman_decor_slide_cut, uniq_maggie
D:8:      layout_gridville
D:9:      layout_basic, david_orc_5, serial_aquarium, aquarium_bridge_square
          [aquarium_subvault_bridge, aquarium_subvault_wall,
          aquarium_subvault_wall, aquarium_subvault_wall],
          aquarium_window_corner, aquarium_window_1, aquarium_window_fake,
          aquarium_view_2c, aquarium_pool_1, glass_columns_b
D:10:     layout_loops_ring, lair_entry_dummy, serial_ice, serial_ice_m,
          serial_ice_c, serial_ice_e, serial_ice_o,
          chequers_serial_rivers_small_b, uniq_nergalle

Skill      XL: |  1  2  3  4  5  6  7  8  9 10 11 |
---------------+----------------------------------+-----
Invocations    | 1 2 3 4 5 6 |  6.7
Short Blades   | 1 2 3 4 5 6 |  6.1
Long Blades    | 1 2 3 4 5 6 |  6.1
Axes           | 1 2 3 4 5 6 |  6.1
Polearms       | 1 2 3 4 5 6 |  6.1
Staves         | 1 2 3 4 5 6 |  6.1
Slings         | 1 2 3 4 5 6 |  6.1
Bows           | 1 2 3 4 5 6 |  6.1
Crossbows      | 1 2 3 4 5 6 |  6.1
Throwing       | 1 2 3 4 5 6 |  6.1
Armour         | 1 2 3 4 5 6 |  6.1
Dodging        | 1 2 3 4 5 6 |  6.1
Stealth        | 1 2 3 4 5 6 |  6.1
Shields        | 1 2 3 4 5 6 |  6.1
Unarmed Combat | 1 2 3 4 5 6 |  6.1
Evocations     | 1 2 3 4 5 6 |  6.1
Spellcasting   | 3 4 5 6 |  6.8
Conjurations   | 1 2 3 4 5 |  5.0
Hexes          | 1 2 3 4 5 |  5.0
Summonings     | 1 2 3 4 5 |  5.0
Necromancy     | 1 2 3 4 5 |  5.0
Translocations | 1 2 3 4 5 |  5.0
Transmutations | 1 2 3 4 5 |  5.0
Ice Magic      | 1 2 3 4 5 |  5.0
Air Magic      | 1 2 3 4 5 |  5.0
Earth Magic    | 1 2 3 4 5 |  5.0
Poison Magic   | 1 2 3 4 5 |  5.0
Fighting       | 7 8 9 |  9.1
Maces & Flails | 7 8 9 |  9.1
Fire Magic     | 6 7 |  7.5

Action                   |  1- 3 |  4- 6 |  7- 9 | 10-12 || total
-------------------------+-------+-------+-------+-------++-------
Melee: Mace              |    88 |   106 |   210 |   325 ||   729
       Bite              |     7 |    19 |    26 |    44 ||    96
       Punch             |     1 |       |       |       ||     1
       Dagger            |    44 |    82 |       |       ||   126
 Cast: Scorch            |       |       |    72 |    80 ||   152
Invok: Fiery Armour      |     1 |       |     1 |       ||     2
       Foxfire Swarm     |       |     2 |       |       ||     2
       Rising Flame      |       |       |       |     1 ||     1
Evoke: Wand              |       |       |       |     1 ||     1
  Use: Potion            |       |       |       |     1 ||     1
 Stab: Sleeping          |       |       |     2 |     2 ||     4
       Distracted        |       |       |       |     1 ||     1
Armor: Robe              |    30 |    18 |       |       ||    48
       Ring mail         |       |    38 |    43 |       ||    81
       Steam dragon scal |       |       |    16 |    53 ||    69
       Troll leather arm |       |       |       |    12 ||    12
Dodge: Dodged            |   102 |    96 |    91 |   164 ||   453
Block: Buckler           |     4 |    32 |    31 |    63 ||   130

Table legend: (Time is in decaauts)
 A = Elapsed time spent in this place.
 B = Non-inter-level travel time spent in this place.
 C = Inter-level travel time spent in this place.
 D = Time resting spent in this place.
 E = Time spent auto-exploring this place.
 F = Levels seen in this place.
 G = Mean time per level.
                   A        B        C        D        E       F      G
               +--------+--------+--------+--------+--------+-----+--------+
         Total |  13375 |  12852 |    523 |   2886 |   7818 |  10 | 1337.5 |
       Dungeon |  13375 |  12852 |    523 |   2886 |   7818 |  10 | 1337.5 |
               +--------+--------+--------+--------+--------+-----+--------+

Top non-repeatable levels by time:
     D:9: 1946 daAuts
     D:4: 1916 daAuts
     D:3: 1650 daAuts
     D:5: 1649 daAuts
     D:8: 1387 daAuts
     D:7: 1302 daAuts
     D:2: 1264 daAuts
     D:6: 987 daAuts
     D:1: 971 daAuts
    D:10: 300 daAuts
